 Dungeon Sprint DCSS version 0.21.2 (webtiles) character file.

2707 Fang the Fighter (level 9, -6/102 HPs)
             Began as a Gargoyle Berserker on Dec 21, 2018.
             Was a High Priest of Trog.
             Mangled by a deep troll (10 damage)
             ... in the Dungeon (Sprint VII: "The Pits").
             The game lasted 00:02:21 (1294 turns).

Fang the Fighter (Gargoyle Berserker)               Turns: 1294, Time: 00:02:21

Health: -6/102     AC: 23    Str: 29    XL:     9   Next: 66%
Magic:  9/9        EV: 11    Int: 14    God:    Trog [*****.]
Gold:   7          SH:  0    Dex:  9    Spells: 8/8 levels left

rFire    . . .     SeeInvis .   o - +2 battleaxe (elec)
rCold    . . .     Gourm    .   (shield currently unavailable)
rNeg     + . .     Faith    .   u - +4 chain mail
rPois    ∞         Spirit   .   (no helmet)
rElec    +         Reflect  .   p - +0 cloak {rPois}
rCorr    .         Harm     .   (no gloves)
MR       .....     NoTele   +   (no boots)
Stlth    ..........             (no amulet)
HPRegen  0.27/turn              q - +3 ring of intelligence
MPRegen  0.11/turn              t - +3 ring of intelligence

@: berserking, very quick
A: negative energy resistance 1, electricity resistance, unbreathing,
petrification resistance, rot immunity, AC +6
a: Berserk, Trog's Hand, Brothers in Arms, Burn Spellbooks, Renounce Religion


You were in the Dungeon.
You worshipped Trog.
Trog was extremely pleased with you.
You were hungry.

You visited 1 branch You collected 7 gold pieces.

Inventory:

Hand Weapons
 m - a +4 hand axe of chopping
 o - a +2 battleaxe of electrocution (weapon)
Armour
 p - a +0 cloak of poison resistance (worn)
 u - a +4 chain mail (worn)
Jewellery
 q - a +3 ring of intelligence (left hand)
 t - a +3 ring of intelligence (right hand)
Wands
 f - a wand of paralysis (3)
Scrolls
 i - a scroll of blinking
 k - 3 scrolls of remove curse
 l - a scroll of summoning
Potions
 a - 2 potions of invisibility
 d - 6 potions of curing
 e - 11 potions of heal wounds
 g - 4 potions of magic
 h - 3 potions of berserk rage
 r - 2 potions of brilliance
 s - a potion of agility
Comestibles
 c - 8 rations


   Skills:
 + Level 13.1 Fighting
 + Level 12.7 Axes
 + Level 9.9 Armour
 + Level 6.5 Dodging
 + Level 4.0 Stealth


You had 8 spell levels left.
You didn't know any spells.

Dungeon Overview and Level Annotations

Branches:
Dungeon (1/1)

Altars:
Ashenzari
Cheibriados
Dithmenos
Elyvilon
Fedhas
Gozag
Hepliaklqana
Kikubaaqudgha
Makhleb
Nemelex Xobeh
Okawaru
Qazlal
Ru
Sif Muna
Trog
Uskayaw
Vehumet
Wu Jian
Xom
Yredelemnul
Zin
The Shining One
Beogh
Jiyva
Lugonu


Innate Abilities, Weirdness & Mutations

You are resistant to torment.
Your stone body is resilient. (AC +6)
You are immune to poison.
You resist negative energy. (rN+)
You are resistant to electric shocks. (rElec)
You can survive without breathing.
You are immune to petrification.
You are immune to rotting.


Message History

Something hits you but does no damage.
You barely miss the deep troll.
The deep troll is almost dead.
You barely miss something. Something hits you.
* * * LOW HITPOINT WARNING * * *
Something shocks you. You resist.
* * * LOW HITPOINT WARNING * * *
The deep troll bites you but does no damage.
The deep troll misses you.
The deep troll claws you but does no damage.
You hit the deep troll.
The deep troll is almost dead.
You slash something!
Unknown command.
You closely miss the deep troll.
The deep troll is almost dead.
You closely miss something. The deep troll bites you!
* * * LOW HITPOINT WARNING * * *
The deep troll claws you!
You die...

))##.......##''#####
))##.......##......#
.[##.......##....###
'###...<...##...##.+
..##.......##..##..#
..##.......##..#..#
####.......##..#..#
..###########..'..+
(############..#@.#
.#....#!.[[##..#T.#
'#)...#..[[##..##..#
(')...'..))##...##.+
)#....#..))##....###
(#....#..))##.....)#
####################


You could see a deep troll.

Vanquished Creatures
  Josephine (D)
  An unseen horror (D)
  Maurice (D)
  A red devil (D)
  A jumping spider (D)
  A flying skull (D)
  A hungry ghost (D)
  A floating eye (D)
  A black bear (D)
  A centaur (D)
  A big kobold (D)
  A worker ant (D)
  A gnoll (D)
  A river rat (D)
  2 white imps (D)
  2 ufetubi (D)
  A leopard gecko (D)
  3 ball pythons (D)
  2 goblins (D)
  2 bats (D)
  2 frilled lizards (D)
28 creatures vanquished.

Notes
Turn   | Place    | Note
-------+----------+-------------------------------------------
     0 | D        | Fang the Gargoyle Berserker began the quest for the Orb.
     0 | D        | Reached XP level 1. HP: 14/14 MP: 1/1
    62 | D        | Reached ** piety under Trog
    62 | D        | Reached skill level 4 in Fighting
    62 | D        | Reached XP level 2. HP: 15/20 MP: 2/2
    83 | D        | Reached skill level 5 in Fighting
    83 | D        | Reached XP level 3. HP: 18/26 MP: 3/3
   181 | D        | Noticed a floating eye
   185 | D        | Killed a floating eye
   185 | D        | Reached skill level 7 in Fighting
   185 | D        | Reached skill level 1 in Stealth
   185 | D        | Reached XP level 4. HP: 31/34 MP: 4/4
   185 | D        | Reached XP level 5. HP: 34/38 MP: 5/5
   187 | D        | Reached *** piety under Trog
   297 | D        | Noticed a hungry ghost
   299 | D        | Noticed a black bear
   307 | D        | Killed a hungry ghost
   307 | D        | Reached skill level 8 in Fighting
   307 | D        | Reached skill level 5 in Armour
   307 | D        | Reached XP level 6. HP: 42/45 MP: 6/6
   308 | D        | Reached **** piety under Trog
   310 | D        | Killed a black bear
   310 | D        | Reached skill level 9 in Fighting
   312 | D        | Noticed a flying skull
   320 | D        | Killed a flying skull
   320 | D        | Reached skill level 10 in Fighting
   320 | D        | Reached XP level 7. HP: 52/52 MP: 7/7
   361 | D        | Reached ***** piety under Trog
   383 | D        | Noticed Josephine
   402 | D        | Killed Josephine
   402 | D        | Received a gift from Trog
   402 | D        | Reached skill level 11 in Fighting
   402 | D        | Reached skill level 5 in Dodging
   402 | D        | Reached XP level 8. HP: 59/60 MP: 8/8
   508 | D        | Reached skill level 12 in Fighting
   540 | D        | Noticed Maurice
   552 | D        | Killed Maurice
   552 | D        | Reached XP level 9. HP: 65/66 MP: 9/9
   765 | D        | Found a bloodstained altar of Trog.
   765 | D        | Found a deep blue altar of Sif Muna.
   765 | D        | Found a viscous altar of Jiyva.
   765 | D        | Found a hazy altar of Hepliaklqana.
   765 | D        | Found an opulent altar of Gozag.
   766 | D        | Found a glowing golden altar of the Shining One.
   766 | D        | Found a glowing silver altar of Zin.
   766 | D        | Found a basalt altar of Yredelemnul.
   766 | D        | Found a shimmering altar of Xom.
   766 | D        | Found an ornate altar of the Wu Jian Council.
   766 | D        | Found a sacrificial altar of Ru.
   766 | D        | Found a stormy altar of Qazlal.
   766 | D        | Found an iron altar of Okawaru.
   766 | D        | Found a sparkling altar of Nemelex Xobeh.
   766 | D        | Found a burning altar of Makhleb.
   766 | D        | Found a blossoming altar of Fedhas.
   766 | D        | Found a white marble altar of Elyvilon.
   766 | D        | Found a shadowy altar of Dithmenos.
   766 | D        | Found a snail-covered altar of Cheibriados.
   767 | D        | Found a radiant altar of Vehumet.
   767 | D        | Found a corrupted altar of Lugonu.
   767 | D        | Found a roughly hewn altar of Beogh.
   768 | D        | Found a hide-covered altar of Uskayaw.
   768 | D        | Found an ancient bone altar of Kikubaaqudgha.
   768 | D        | Found a shattered altar of Ashenzari.
   789 | D        | Noticed a jumping spider
   828 | D        | Killed a jumping spider
  1193 | D        | Noticed a red devil
  1203 | D        | Killed a red devil
  1206 | D        | Killed an unseen horror
  1206 | D        | Reached skill level 13 in Fighting
  1283 | D        | Noticed a deep troll
  1294 | D        | HP: 4/102 [deep troll (7)]
  1294 | D        | Mangled by a deep troll

Skill      XL: |  1  2  3  4  5  6  7  8  9 |
---------------+----------------------------+-----
Axes           | 3 4 6 7 9 11 12 | 12.7
Fighting       | 4 5 7 8 10 11 12 13 | 13.1
Dodging        | 2 3 4 5 6 |  6.5
Armour         | 3 5 7 8 9 |  9.9
Stealth        | 1 2 3 4 |  4.0

Action                   |  1- 3 |  4- 6 |  7- 9 || total
-------------------------+-------+-------+-------++-------
Melee: Hand axe          |    16 |    16 |    23 ||    55
       Battleaxe         |       |       |    46 ||    46
Invok: Berserk           |       |     2 |     3 ||     5
       Brothers in Arms  |       |       |     1 ||     1
  Use: Potion            |       |       |     2 ||     2
 Stab: Sleeping          |     1 |       |       ||     1
  Eat: Chunk             |       |     2 |     3 ||     5
       Ration            |       |       |     1 ||     1
Armor: Animal skin       |     5 |     4 |       ||     9
       Chain mail        |       |    22 |    73 ||    95
Dodge: Dodged            |    14 |    19 |    50 ||    83
